[ AOE2 MATCH · #495886067 ]
UnrankedItalians vs Tupi
Player's team · LOSS
Rival team · WIN
[ REPLAY ANALYSIS · EXTRACTED FROM THE RECORDED GAME ]
Feudal
9:18
Castle
—
Imperial
—
| APM avg | 49.9 |
| APM peak | 95 |
| eAPM avg | 23.1 |
| Villagers / military | 52 / 0 |
Focus
⚔️ 31.4% · 🌾 68.6%
Feudal
10:22
Castle
25:46
Imperial
—
| APM avg | 37.5 |
| APM peak | 75 |
| eAPM avg | 25.2 |
| Villagers / military | 52 / 1 |
Focus
⚔️ 46.8% · 🌾 53.2%
Unknown (2550) ×12 · Battering Ram ×1
Match map
Initial resources + every placement click. Lines = walls · curves = elevation contours. ◆ gold · ⬟ stone · ● berries · ✦ relic · ◌ wall gap
Your base· Open — unwalled flank
gupo57's base· Open — unwalled flank
Smoothed initial terrain · ◌ = detected wall gap · hover for details
Inputs per minute
— 73_Quảng Bình - - gupo57
Build order — 73_Quảng Bình
127 actions detected in the replay
| 0:00 | Create | Villager (Male) |
| 0:00 | Create | Villager (Male) |
| 0:00 | Create | Villager (Male) |
| 0:01 | Create | Villager (Male) |
| 0:02 | Build | House |
| 0:03 | Build | House |
| 1:23 | Create | Villager (Male) |
| 1:51 | Build | Lumber Camp |
| 1:59 | Create | Villager (Male) |
| 2:12 | Create | Villager (Male) |
| 2:52 | Create | Villager (Male) |
| 3:17 | Create | Villager (Male) |
| 3:17 | Create | Villager (Male) |
| 3:39 | Create | Villager (Male) |
| 3:47 | Build | House |
| 4:10 | Create | Villager (Male) |
| 4:10 | Create | Villager (Male) |
| 4:22 | Build | Mill |
| 4:30 | Create | Villager (Male) |
| 4:50 | Create | Villager (Male) |
| 5:01 | Create | Villager (Male) |
| 6:06 | Build | House |
| 6:07 | Create | Villager (Male) |
| 6:26 | Research | Loom |
| 6:37 | Build | House |
| 6:44 | Build | Palisade Wall |
| 7:08 | Research | Feudal Age |
| 7:08 | Research | Feudal Age |
| 7:26 | Build | Lumber Camp |
| 8:06 | Build | House |
| 8:08 | Build | Palisade Wall |
| 8:45 | Build | Barracks |
| 8:50 | Create | Villager (Male) |
| 9:18 | Age | Feudal Age |
| 9:22 | Create | Villager (Male) |
| 9:31 | Build | Stable |
| 9:35 | Build | House |
| 9:46 | Build | Palisade Wall |
| 9:48 | Build | Palisade Wall |
| 9:52 | Create | Villager (Male) |
| 10:05 | Build | Palisade Wall |
| 10:14 | Create | Villager (Male) |
| 10:34 | Create | Villager (Male) |
| 10:40 | Create | Villager (Male) |
| 10:41 | Create | Villager (Male) |
| 10:52 | Create | Villager (Male) |
| 11:03 | Build | House |
| 11:05 | Build | House |
| 11:11 | Build | House |
| 11:17 | Create | Villager (Male) |
| 11:24 | Research | Double-Bit Axe |
| 11:47 | Create | Villager (Male) |
| 11:55 | Build | House |
| 11:57 | Build | Palisade Wall |
| 12:03 | Create | Villager (Male) |
| 12:06 | Build | Farm |
| 12:09 | Build | Farm |
| 12:11 | Build | Farm |
| 12:26 | Build | Palisade Wall |
| 12:27 | Build | Palisade Wall |
| 12:33 | Create | Villager (Male) |
| 12:38 | Build | Watch Tower |
| 12:50 | Create | Villager (Male) |
| 13:01 | Build | House |
| 13:03 | Build | House |
| 13:38 | Create | Villager (Male) |
| 13:55 | Create | Villager (Male) |
| 13:55 | Create | Villager (Male) |
| 13:57 | Create | Villager (Male) |
| 14:34 | Create | Villager (Male) |
| 14:53 | Create | Villager (Male) |
| 15:02 | Build | Palisade Gate |
| 15:31 | Build | Mining Camp |
| 15:38 | Build | Outpost |
| 15:42 | Build | Outpost |
| 15:45 | Create | Villager (Male) |
| 15:55 | Create | Villager (Male) |
| 16:29 | Research | Town Watch |
| 16:41 | Create | Villager (Male) |
| 16:52 | Build | Outpost |
| 16:57 | Build | Outpost |
| 17:11 | Build | Mill |
| 17:14 | Build | Outpost |
| 17:15 | Create | Villager (Male) |
| 17:17 | Build | Lumber Camp |
| 17:27 | Create | Villager (Male) |
| 17:36 | Build | Outpost |
| 17:39 | Create | Villager (Male) |
| 17:45 | Create | Villager (Male) |
| 17:45 | Create | Villager (Male) |
| 17:45 | Create | Villager (Male) |
| 17:57 | Build | Outpost |
| 18:02 | Build | Outpost |
| 18:36 | Build | Mining Camp |
| 20:19 | Build | Lumber Camp |
| 20:41 | Build | Outpost |
| 20:56 | Create | Villager (Male) |
| 20:56 | Create | Villager (Male) |
| 20:57 | Create | Villager (Male) |
| 20:57 | Create | Villager (Male) |
| 21:05 | Build | Outpost |
| 21:13 | Build | Outpost |
| 21:33 | Create | Villager (Male) |
| 21:36 | Build | Outpost |
| 21:40 | Build | Mining Camp |
| 22:06 | Build | Outpost |
| 22:32 | Create | Villager (Male) |
| 23:10 | Build | Outpost |
| 23:20 | Build | Watch Tower |
| 23:22 | Build | House |
| 23:23 | Build | House |
| 23:33 | Create | Villager (Male) |
| 23:48 | Build | Watch Tower |
| 23:58 | Build | Watch Tower |
| 24:29 | Build | Palisade Wall |
| 24:30 | Build | Palisade Wall |
| 24:30 | Build | Palisade Wall |
| 24:31 | Build | Palisade Wall |
| 24:47 | Build | Blacksmith |
| 24:55 | Build | Palisade Wall |
| 25:07 | Build | Stone Wall |
| 25:26 | Build | Watch Tower |
| 25:51 | Build | Watch Tower |
| 25:57 | Build | Watch Tower |
| 26:09 | Build | Outpost |
| 27:20 | Build | Market |
| 28:11 | Research | Fletching |
Build order — gupo57
149 actions detected in the replay
| 0:00 | Create | Villager (Male) |
| 0:00 | Create | Villager (Male) |
| 0:02 | Build | House |
| 0:03 | Build | House |
| 0:21 | Create | Villager (Male) |
| 0:21 | Create | Villager (Male) |
| 1:08 | Create | Villager (Male) |
| 1:09 | Create | Villager (Male) |
| 1:23 | Build | House |
| 1:53 | Create | Villager (Male) |
| 1:57 | Create | Villager (Male) |
| 2:16 | Create | Villager (Male) |
| 2:41 | Build | House |
| 2:58 | Create | Villager (Male) |
| 2:59 | Create | Villager (Male) |
| 3:46 | Build | Settlement |
| 4:02 | Create | Villager (Male) |
| 4:02 | Create | Villager (Male) |
| 4:02 | Create | Villager (Male) |
| 4:03 | Create | Villager (Male) |
| 4:32 | Create | Villager (Male) |
| 4:33 | Create | Villager (Male) |
| 4:33 | Create | Villager (Male) |
| 4:39 | Create | Villager (Male) |
| 4:39 | Create | Villager (Male) |
| 5:30 | Create | Villager (Male) |
| 5:30 | Create | Villager (Male) |
| 5:34 | Build | House |
| 5:35 | Build | Palisade Wall |
| 5:53 | Build | Barracks |
| 6:48 | Create | Unit 2550 |
| 6:50 | Build | Settlement |
| 7:20 | Create | Villager (Male) |
| 7:20 | Research | Loom |
| 7:25 | Research | Loom |
| 7:57 | Research | Feudal Age |
| 8:03 | Create | Unit 2550 |
| 8:49 | Create | Unit 2550 |
| 9:09 | Build | Settlement |
| 10:18 | Create | Villager (Male) |
| 10:20 | Create | Villager (Male) |
| 10:22 | Age | Feudal Age |
| 10:28 | Research | Tech 1402 |
| 10:29 | Create | Villager (Male) ×2 |
| 10:33 | Build | Watch Tower |
| 10:39 | Build | Stone Wall |
| 10:41 | Build | Stone Wall |
| 10:42 | Build | Stone Wall |
| 10:45 | Build | Stone Wall |
| 10:46 | Build | Stone Wall |
| 11:00 | Research | Double-Bit Axe |
| 11:19 | Build | Watch Tower |
| 11:53 | Create | Villager (Male) |
| 11:53 | Create | Villager (Male) |
| 12:05 | Build | Palisade Wall |
| 12:06 | Build | Palisade Wall |
| 12:26 | Build | Watch Tower |
| 12:32 | Create | Villager (Male) ×2 |
| 12:57 | Create | Villager (Male) |
| 13:15 | Build | Stone Wall |
| 13:16 | Build | Stone Wall |
| 13:41 | Build | Watch Tower |
| 13:54 | Create | Villager (Male) |
| 13:54 | Create | Villager (Male) |
| 14:38 | Build | Stone Wall |
| 14:46 | Build | Stone Wall |
| 14:53 | Create | Villager (Male) |
| 14:53 | Create | Villager (Male) |
| 14:57 | Build | Farm |
| 14:58 | Create | Villager (Male) |
| 15:40 | Build | Farm |
| 15:41 | Create | Villager (Male) |
| 15:41 | Create | Villager (Male) |
| 15:47 | Create | Villager (Male) |
| 16:01 | Build | Watch Tower |
| 16:27 | Build | Settlement |
| 16:58 | Build | Watch Tower |
| 17:18 | Build | Farm |
| 17:18 | Build | Farm |
| 17:25 | Build | Farm |
| 17:40 | Create | Villager (Male) |
| 17:40 | Create | Villager (Male) |
| 17:40 | Create | Villager (Male) |
| 17:43 | Build | Farm |
| 17:55 | Build | Settlement |
| 18:06 | Build | Stone Wall |
| 18:07 | Build | Stone Wall |
| 18:14 | Build | Stone Wall |
| 18:15 | Build | Stone Wall |
| 18:29 | Build | Stone Wall |
| 18:50 | Create | Villager (Male) ×4 |
| 19:16 | Create | Villager (Male) |
| 19:16 | Create | Villager (Male) |
| 19:19 | Build | Farm |
| 19:19 | Build | Farm |
| 19:20 | Build | Farm |
| 19:20 | Build | Farm |
| 19:57 | Create | Villager (Male) |
| 19:57 | Create | Villager (Male) |
| 19:58 | Build | Farm |
| 20:13 | Build | Watch Tower |
| 20:29 | Build | Blacksmith |
| 20:36 | Build | Farm |
| 20:37 | Build | Farm |
| 20:40 | Build | Farm |
| 21:22 | Build | Market |
| 21:28 | Build | Farm |
| 21:29 | Build | Farm |
| 21:32 | Build | Farm |
| 21:33 | Build | Farm |
| 21:35 | Build | Farm |
| 21:39 | Build | Farm |
| 21:41 | Build | Farm |
| 22:04 | Build | Stone Wall |
| 22:08 | Build | Stone Wall |
| 22:13 | Build | Stone Wall |
| 22:19 | Create | Unit 2550 |
| 22:20 | Create | Unit 2550 |
| 22:39 | Create | Villager (Male) |
| 22:41 | Build | Farm |
| 22:42 | Research | Scale Mail Armor |
| 23:06 | Research | Castle Age |
| 23:31 | Build | Watch Tower |
| 23:40 | Create | Unit 2550 |
| 23:41 | Research | Forging |
| 23:46 | Build | Farm |
| 24:31 | Create | Unit 2550 |
| 24:31 | Create | Unit 2550 |
| 24:42 | Build | Stone Wall |
| 24:46 | Build | Farm |
| 24:53 | Build | Stone Wall |
| 25:11 | Build | Settlement |
| 25:46 | Age | Castle Age |
| 25:56 | Research | Tech 1351 |
| 25:57 | Research | Squires |
| 26:07 | Research | Bow Saw |
| 26:10 | Research | Horse Collar |
| 26:14 | Build | Farm |
| 27:02 | Build | Farm |
| 27:09 | Build | Siege Workshop |
| 27:37 | Create | Unit 2550 |
| 27:37 | Create | Unit 2550 |
| 27:38 | Create | Unit 2550 |
| 27:38 | Create | Unit 2550 |
| 27:40 | Research | Chain Mail Armor |
| 27:42 | Research | Fletching |
| 27:46 | Create | Battering Ram |
| 28:16 | Research | Arson |
| 28:22 | Research | Wheelbarrow |
Match timeline
| 5:35 | gupo57 · wall_segment Palisade Wall x1 |
| 5:53 | gupo57 · first_building Barracks |
| 6:44 | 73_Quảng Bình · wall_segment Palisade Wall x5 |
| 8:08 | 73_Quảng Bình · wall_segment Palisade Wall x16 |
| 8:45 | 73_Quảng Bình · first_building Barracks |
| 9:18 | 73_Quảng Bình · age_up feudal |
| 9:31 | 73_Quảng Bình · first_building Stable |
| 9:46 | 73_Quảng Bình · wall_segment Palisade Wall x1 |
| 9:48 | 73_Quảng Bình · wall_segment Palisade Wall x1 |
| 10:05 | 73_Quảng Bình · wall_segment Palisade Wall x1 |
| 10:22 | gupo57 · age_up feudal |
| 10:39 | gupo57 · wall_segment Stone Wall x1 |
| 10:41 | gupo57 · wall_segment Stone Wall x1 |
| 10:42 | gupo57 · wall_segment Stone Wall x1 |
| 10:45 | gupo57 · wall_segment Stone Wall x1 |
| 10:46 | gupo57 · wall_segment Stone Wall x1 |
| 11:57 | 73_Quảng Bình · wall_segment Palisade Wall x6 |
| 12:05 | gupo57 · wall_segment Palisade Wall x3 |
| 12:06 | gupo57 · wall_segment Palisade Wall x3 |
| 12:26 | 73_Quảng Bình · wall_segment Palisade Wall x1 |
| 12:27 | 73_Quảng Bình · wall_segment Palisade Wall x1 |
| 13:15 | gupo57 · wall_segment Stone Wall x1 |
| 13:16 | gupo57 · wall_segment Stone Wall x1 |
| 14:38 | gupo57 · wall_segment Stone Wall x1 |
| 14:46 | gupo57 · wall_segment Stone Wall x1 |
| 18:06 | gupo57 · wall_segment Stone Wall x4 |
| 18:07 | gupo57 · wall_segment Stone Wall x4 |
| 18:14 | gupo57 · wall_segment Stone Wall x4 |
| 18:15 | gupo57 · wall_segment Stone Wall x3 |
| 18:29 | gupo57 · wall_segment Stone Wall x1 |
| 22:04 | gupo57 · wall_segment Stone Wall x1 |
| 22:08 | gupo57 · wall_segment Stone Wall x2 |
| 22:13 | gupo57 · wall_segment Stone Wall x1 |
| 23:05 | gupo57 · first_market_buy 100 food |
| 24:29 | 73_Quảng Bình · wall_segment Palisade Wall x1 |
| 24:30 | 73_Quảng Bình · wall_segment Palisade Wall x1 |
| 24:30 | 73_Quảng Bình · wall_segment Palisade Wall x1 |
| 24:31 | 73_Quảng Bình · wall_segment Palisade Wall x1 |
| 24:42 | gupo57 · wall_segment Stone Wall x2 |
| 24:53 | gupo57 · wall_segment Stone Wall x1 |
| 24:55 | 73_Quảng Bình · wall_segment Palisade Wall x1 |
| 25:07 | 73_Quảng Bình · wall_segment Stone Wall x1 |
| 25:46 | gupo57 · age_up castle |
| 25:54 | gupo57 · first_market_sell 500 wood |
| 27:09 | gupo57 · first_building Siege Workshop |
| 28:07 | 73_Quảng Bình · first_market_sell 100 stone |
| 28:11 | 73_Quảng Bình · first_market_buy 100 food |
| 28:32 | 73_Quảng Bình · resign |
[ AI ANALYSIS · 1 CREDIT ]
What really happened in this match?
Wolo.gg analyzes every decision: build order, eco, micro, common mistakes by bracket. Personalized analysis on WhatsApp or Discord in 30 seconds.
Civ guide
Italians
Perfil
Jugador #20104886